 Dungeon Crawl Stone Soup version 0.29-a0-322-g68df515428 (webtiles) character file.

Game seed: 7983462473447582635

144 pcat the Conjurer (level 5, -6/30 HPs)
             Began as a Deep Elf Conjurer on Apr 6, 2022.
             Mangled by an iguana (8 damage)
             ... on level 3 of the Dungeon.
             The game lasted 00:03:24 (3016 turns).

pcat the Conjurer (Deep Elf Conjurer)               Turns: 3016, Time: 00:03:24

Health: -6/30      AC:  2    Str:  4    XL:     5   Next: 5%
Magic:  11/14      EV: 12    Int: 25    God:
Gold:   119        SH:  0    Dex: 13    Spells: 8/13 levels left

rFire   . . .      SeeInvis .   c - +0 dagger
rCold   . . .      Faith    .   (no shield)
rNeg    . . .      Spirit   .   a - +0 robe
rPois   .          Reflect  .   (no helmet)
rElec   .          Harm     .   (no cloak)
rCorr   .          Rampage  .   (no gloves)
Will    .....                   (no boots)
Stlth   ++........              (no amulet)
HPRegen 0.10/turn               (no ring)
MPRegen 0.14/turn               (no ring)

@: no status effects
A: no striking features
a: no special abilities


You were on level 3 of the Dungeon.
You visited 1 branch of the dungeon, and saw 4 of its levels.

You collected 119 gold pieces.

Inventory:

Hand Weapons
 c - a +0 dagger (weapon)
Missiles
 m - 48 stones
Armour
 a - a +0 robe (worn)
Scrolls
 h - a scroll of teleportation {unknown}
 j - a scroll of enchant weapon {unknown}
 k - a scroll of immolation {unknown}
Potions
 b - a potion of magic
 d - 2 potions of curing {unknown}
 e - a potion of cancellation {unknown}
 f - 2 potions of berserk rage {unknown}
 g - a potion of degeneration {unknown}
 i - a potion of lignification {unknown}
 l - a potion of haste {unknown}


   Skills:
 + Level 2.1 Fighting
 - Level 2.4 Dodging
 - Level 2.4 Stealth
 + Level 4.7 Spellcasting
 + Level 5.3 Conjurations
 + Level 0.0 Translocations


You had 8 spell levels left.
You knew the following spells:

 Your Spells              Type           Power      Damage    Failure   Level
a - Magic Dart            Conj           100%       1d8       1%          1
b - Iskenderun's Mystic   Conj/Tloc      19%        2d6       28%         4

Your spell library contained the following spells:

 Spells                   Type           Power      Damage    Failure   Level
 Searing Ray              Conj           64%        2d6       1%          2
 Apportation              Tloc           12%        N/A       9%          1
 Dazzling Flash           Conj/Hex       38%        N/A       9%          3
 Fulminant Prism          Conj/Hex       9%         3d7       28%         4
 Alistair's Intoxication  Tmut/Pois      3%         N/A       93%         5


Dungeon Overview and Level Annotations

Branches:
Dungeon (4/15)
 Temple: D:4-7

Altars:
Elyvilon
Okawaru

Shops:
D:1 *


Message History

You can't see any susceptible monsters within range! (Use Z to cast anyway.)
(D) Dungeon
Where to? (Enter - D:3, ? - help)
What level of the Dungeon? (default 1, ? - help)
There is a stone staircase leading down here.
You climb downwards.
The iguana bites you! The kobold barely misses you.
There is a stone staircase leading up, spattered with blood here.
The kobold barely misses you. The iguana misses you.
You climb upwards.
There is a stone staircase leading down here.
Casting: Magic Dart (safe; 1% risk of failure)
Confirm with . or Enter, or press ? or * to list all spells.
Aiming: Magic Dart (safe; 1% risk of failure)
Press: ? - help, Shift-Dir - straight line, f - iguana
Aim: an iguana (100% to hit)
The magic dart hits the iguana.
The iguana is moderately wounded.
The kobold misses you. The iguana bites you.
Casting: Magic Dart (safe; 1% risk of failure)
Confirm with . or Enter, or press ? or * to list all spells.
Aiming: Magic Dart (safe; 1% risk of failure)
Press: ? - help, Shift-Dir - straight line, f/p - iguana
Aim: an iguana (moderately wounded, 100% to hit)
The magic dart hits the iguana.
The iguana is moderately wounded.
The iguana bites you!
* * * LOW HITPOINT WARNING * * *
The kobold hits you with a +0 dagger.
* * * LOW HITPOINT WARNING * * *
Casting: Magic Dart (safe; 1% risk of failure)
Confirm with . or Enter, or press ? or * to list all spells.
Aiming: Magic Dart (safe; 1% risk of failure)
Press: ? - help, Shift-Dir - straight line, f/p - iguana
Aim: an iguana (moderately wounded, 100% to hit)
The magic dart hits the iguana.
The iguana is heavily wounded.
The kobold hits you with a +0 dagger.
* * * LOW HITPOINT WARNING * * *
The iguana bites you!
You die...

#........# ###
#........###########..
#............#........
#........###...#####.#
##....................#
##.........#####.##.....
#............###....####
##..##..lK.##..###.###
#...###.@....#..##.##
#.#.#
######.##.....#####
#.#.## #.###.........
#....# #.###.........
###..# ##..#.........<
#..### #).............
#....####.#............
#.##..##...............
##......................


You could see an iguana and a kobold.

Vanquished Creatures
  A hound (D:2)
  4 adders
  A worm (D:3)
  3 dart slugs
  6 bats
  7 endoplasms
  5 giant cockroaches
  5 goblins
  5 hobgoblins
  4 jackals (D:1)
  11 kobolds
  2 quokkas
  5 frilled lizards
  7 rats
66 creatures vanquished.

Notes
Turn   | Place    | Note
-------+----------+-------------------------------------------
     0 | D:1      | pcat the Deep Elf Conjurer began the quest for the Orb.
     0 | D:1      | Reached XP level 1. HP: 10/10 MP: 6/6
   102 | D:1      | Reached XP level 2. HP: 16/16 MP: 0/8
   226 | D:1      | Found Xereysch's Assorted Antiques.
   507 | D:1      | Reached skill level 1 in Fighting
   790 | D:1      | Reached XP level 3. HP: 20/20 MP: 7/10
  1500 | D:2      | Reached skill level 5 in Conjurations
  1500 | D:2      | Reached XP level 4. HP: 21/25 MP: 2/12
  1692 | D:2      | Found a faded altar of an unknown god.
  2085 | D:3      | You fall into a shaft and drop 1 floor!
  2273 | D:3      | Found a white marble altar of Elyvilon.
  2616 | D:3      | Found an iron altar of Okawaru.
  2715 | D:3      | Learned a level 4 spell: Iskenderun's Mystic Blast
  2721 | D:3      | Reached XP level 5. HP: 30/30 MP: 7/14
  3016 | D:3      | Mangled by an iguana

Illustrated notes

Levels and vault maps discovered:
D:1:      minmay_arrival_loop, layout_basic, serial_shops, nicolae_diamond_shop,
          minmay_cut_off
D:2:      layout_basic, basic_ecumenical_altar
D:3:      layout_rooms, okawaru_altar_gauntlet_db,
          nicolae_elyvilon_peaceful_grove
D:4:      layout_basic, gammafunk_temple_overflow_wave, temple_fountains

Skill      XL: |  1  2  3  4 |
---------------+-------------+-----
Fighting       | 1 2 |  2.1
Spellcasting   | 4 |  4.7
Conjurations   | 5 |  5.3
Dodging        | |  2.4
Stealth        | |  2.4

Action                   |  1- 3 |  4- 6 || total
-------------------------+-------+-------++-------
Melee: Dagger            |     4 |       ||     4
 Cast: Magic Dart        |    78 |    69 ||   147
Armor: Robe              |     3 |     1 ||     4
Dodge: Dodged            |    20 |    11 ||    31

Table legend: (Time is in decaauts)
 A = Elapsed time spent in this place.
 B = Non-inter-level travel time spent in this place.
 C = Inter-level travel time spent in this place.
 D = Time resting spent in this place.
 E = Time spent auto-exploring this place.
 F = Levels seen in this place.
 G = Mean time per level.
                   A        B        C        D        E       F      G
               +--------+--------+--------+--------+--------+-----+--------+
         Total |   3018 |   2910 |    108 |    138 |   2482 |   4 |  754.5 |
       Dungeon |   3018 |   2910 |    108 |    138 |   2482 |   4 |  754.5 |
               +--------+--------+--------+--------+--------+-----+--------+

Top non-repeatable levels by time:
     D:1: 1068 daAuts
     D:2: 992 daAuts
     D:3: 942 daAuts
     D:4: 15 daAuts
